 Dungeon Crawl Stone Soup version 0.18.1-50-g88ac8fd (webtiles) character file.

180 ololoev the Magician (level 5, 0/28 HPs)
             Began as a Deep Elf Earth Elementalist on Dec 1, 2016.
             Succumbed to a scorpion's poison
             ... on level 4 of the Dungeon.
             The game lasted 00:03:20 (427 turns).

ololoev the Magician (Deep Elf Earth Elementalist)   Turns: 427, Time: 00:03:21

Health: 0/28       AC:  5    Str:  7    XL:     5   Next: 33%
Magic:  2/15       EV: 13    Int: 26    God:
Gold:   29         SH:  0    Dex: 15    Spells: 3 memorised, 10 levels left

rFire  . . .     SeeInvis .     b - 21 stones
rCold  . . .     Gourm    .     a - +0 robe
rNeg   . . .     Faith    .     (no shield)
rPois  .         Spirit   .     (no helmet)
rElec  .         Dismiss  .     (no cloak)
rCorr  .         Reflect  .     j - +2 pair of gloves
SustAt .         Harm     .     (no boots)
MR     .....                    (no amulet)
Stlth  ++........               (no ring)
                                (no ring)

@: brilliant, lethally poisoned (0 -> -2), flying, not resistant to hostile
enchantments, unstealthy
A: strong 1
a: no special abilities


Innate Abilities, Weirdness & Mutations

Your muscles are strong. (Str +2)

Inventory:

Missiles
 b - 21 stones (in hand)
 l - 5 javelins (quivered)
Armour
 a - a +0 robe (worn)
 j - a +2 pair of gloves (worn)
Scrolls
 h - a scroll of remove curse {unknown}
 i - 4 scrolls of identify {unknown}
Potions
 g - a potion of brilliance
Books
 c - a book of Geomancy

   Spells                             Type                      Level
   a - Sandblast                      Earth                        1
   b - Passwall                       Transmutation/Earth          2
   c - Stone Arrow                    Conjuration/Earth            3
   d - Petrify                        Transmutation/Earth          4
   e - Lee's Rapid Deconstruction     Earth                        5
Comestibles
 d - 2 bread rations
 f - a beef jerky


   Skills:
 - Level 2.4 Dodging
 - Level 2.4 Stealth
 * Level 6.3 Spellcasting
 - Level 1.1 Transmutations
 + Level 4.8 Earth Magic


You had 10 spell levels left.
You knew the following spells:

 Your Spells              Type           Power        Failure   Level  Hunger
a - Sandblast             Erth           #####.       1%          1    None
b - Stone Arrow           Conj/Erth      #####.       1%          3    None
w - Passwall              Trmt/Erth      #####.....   1%          2    None


You were on level 4 of the Dungeon.
You were not hungry.

You visited 1 branch of the dungeon, and saw 4 of its levels.
You also visited: Ossuary.

You collected 29 gold pieces.

..(.............##..##..
............<##....## ##
.(. ############..## .).
######...#### #.#
#............ #.#
#.#####.#..>. #.# #.#
#..##### #####.#######
#.# #.##
#........†@.###.####.###
#.###.#####............#
#.# #...##.##<.##.....
#.# ###........# #####
#.# ####.#.#.....# #.#
#...#####.# #.# #..## #.
#..# #.##

Notes
Turn   | Place    | Note
--------------------------------------------------------------
     0 | D:1      | ololoev the Deep Elf Earth Elementalist began the quest for the Orb.
     0 | D:1      | Reached XP level 1. HP: 10/10 MP: 6/6
    85 | D:2      | jacquesderrida: laliev
   128 | D:2      | Reached skill level 4 in Spellcasting
   128 | D:2      | Reached XP level 2. HP: 7/15 MP: 5/9
   134 | D:2      | Learned a level 2 spell: Passwall
   134 | D:2      | ololoev: ?
   148 | D:2      | Found a snail-covered altar of Cheibriados.
   256 | D:3      | jacquesderrida: hi
   283 | D:3      | jacquesderrida: +2
   289 | D:3      | jacquesderrida: heehe
   292 | D:4      | Noticed a scorpion
   297 | D:4      | Found a sand-covered staircase.
   309 | D:4      | Reached XP level 3. HP: 6/19 MP: 4/10
   316 | D:4      | Learned a level 3 spell: Stone Arrow
   345 | Ossuary  | Entered an ossuary
   396 | D:4      | Noticed an ogre
   400 | D:4      | Killed an ogre
   400 | D:4      | Reached skill level 5 in Spellcasting
   400 | D:4      | Reached XP level 4. HP: 16/24 MP: 7/13
   416 | D:4      | Reached skill level 6 in Spellcasting
   416 | D:4      | Reached XP level 5. HP: 4/28 MP: 0/15
   419 | D:4      | Gained mutation: Your muscles are strong. (Str +2) [potion of beneficial mutation]
   422 | D:4      | HP: 1/28 [poisoned by a scorpion]
   427 | D:4      | Succumbed to a scorpion's poison

Dungeon Overview and Level Annotations

Branches:
Dungeon (4/15)
 Temple: D:4-7

Altars:
Cheibriados


Message History

Press: ? - help, Shift-Dir - straight line, f/p - scorpion
Aim: a scorpion (moderately wounded)
The rocky blast hits the scorpion.
The scorpion is moderately wounded.
The scorpion misses you.
Casting: Sandblast
Confirm with . or Enter, or press ? or * to list all spells.
Aiming: Sandblast
Press: ? - help, Shift-Dir - straight line, f/p - scorpion
Aim: a scorpion (moderately wounded)
The rocky blast hits the scorpion.
The scorpion is severely wounded.
The scorpion stings you.
Casting: Sandblast
Confirm with . or Enter, or press ? or * to list all spells.
Aiming: Sandblast
Press: ? - help, Shift-Dir - straight line, f/p - scorpion
Aim: a scorpion (severely wounded)
The rocky blast hits the scorpion.
The scorpion is severely wounded.
The scorpion stings you.
Casting: Sandblast
Confirm with . or Enter, or press ? or * to list all spells.
Aiming: Sandblast
Press: ? - help, Shift-Dir - straight line, f/p - scorpion
Aim: a scorpion (severely wounded)
The rocky blast hits the scorpion.
The scorpion is almost dead.
The scorpion misses you.
Casting: Sandblast
Confirm with . or Enter, or press ? or * to list all spells.
Aiming: Sandblast
Press: ? - help, Shift-Dir - straight line, f/p - scorpion
Aim: a scorpion (almost dead)
The rocky blast hits the scorpion.
The scorpion is almost dead.
The scorpion stings you.
You are lethally poisoned!
The scorpion poisons you!
You feel sick.
You feel sick.
Casting: Sandblast
Confirm with . or Enter, or press ? or * to list all spells.
Aiming: Sandblast
Press: ? - help, Shift-Dir - straight line, f/p - scorpion
Aim: a scorpion (almost dead)
The rocky blast misses the scorpion.
You feel sick. The scorpion closely misses you.
You feel sick.
You feel sick.
Casting: Sandblast
Confirm with . or Enter, or press ? or * to list all spells.
Aiming: Sandblast
Press: ? - help, Shift-Dir - straight line, f/p - scorpion
Aim: a scorpion (almost dead)
The rocky blast hits the scorpion.
You kill the scorpion!
Your Spellcasting skill increases to level 6!
You have reached level 5!
Drink which item? (? for menu, Esc to quit)
It was a potion of brilliance.
You feel clever all of a sudden.
You feel sick.
Drink which item? (? for menu, Esc to quit)
It was a potion of flight.
You feel very buoyant.
You fly up into the air.
Drink which item? (? for menu, Esc to quit)
It was a potion of beneficial mutation.
You feel stronger.
You feel fantastic!
You swing at nothing.
You feel sick.
You swing at nothing.
You swing at nothing.
You feel sick.
You swing at nothing.
You swing at nothing.
You swing at nothing.
You feel sick.
You swing at nothing.
You swing at nothing.
You die...

There were no monsters in sight!

Vanquished Creatures
  An ogre (D:4)
  A scorpion (D:4)
  2 adders
  A worm zombie (D:4)
  An adder zombie (Ossuary)
  2 giant geckos
  2 giant cockroaches
  3 hobgoblins (D:2)
  3 jackals (D:1)
  2 kobolds (D:3)
  3 goblins
  A kobold zombie (D:4)
  An orc zombie (D:4)
23 creatures vanquished.

Action                   |  1- 3 |  4- 6 || total
-------------------------+-------+-------++-------
Throw: Javelin           |     4 |       ||     4
 Cast: Sandblast         |    33 |    11 ||    44
  Use: Potion            |       |     3 ||     3
Armor: Robe              |     2 |     1 ||     3
Dodge: Dodged            |    11 |     3 ||    14

Vault maps used:
D:1:      ldierk_walled_garden
D:2:      lemuel_coloured_pillars_altar, minivault_23, uniq_sigmund,
          uniq_natasha
D:3:      ecumenical_altar_2, evilmike_ruin_ashenzari
D:4:      enter_ossuary_3
Ossuary:  ossuary_minmay_tomb_2a
